 Dungeon Crawl Stone Soup version 0.31.0-12-g77e489cdc1 (webtiles) character file.

Game seed: 6895525990181124905

11 Silvore the Trooper (level 2, 0/24 HPs)
             Began as a Demonspawn Fighter on Feb 13, 2024.
             Frozen to death by an endoplasm (5 damage)
             ... on level 1 of the Dungeon.
             The game lasted 00:00:25 (256 turns).

Silvore the Trooper (Demonspawn Fighter)             Turns: 256, Time: 00:00:25

Health: 0/24       AC:  6    Str: 16    XL:     2   Next: 13%
Magic:  2/2        EV:  8    Int:  8    God:
Gold:   16         SH:  4    Dex: 12    Spells: 1/1 levels left

rFire   . . .        a - +0 long sword
rCold   . . .        c - +0 buckler
rNeg    . . .        b - +0 scale mail
rPois   .            (no helmet)
rElec   .            (no cloak)
rCorr   .            (no gloves)
SInv    .            (no boots)
Will    .....        (no amulet) Stlth
                     (no ring)
HPRegen 0.24/turn    (no ring)
MPRegen 0.08/turn

%: no passive effects
@: no status effects
A: demonic guardian 1
a: no special abilities


You were on level 1 of the Dungeon.
You visited 1 branch of the dungeon, and saw 1 of its levels.

You collected 16 gold pieces.

Inventory:

Hand Weapons
 a - a +0 long sword (weapon)
Armour
 b - a +0 scale mail (worn)
 c - a +0 buckler (worn)
Scrolls
 e - a scroll of amnesia {unknown}
Potions
 d - a potion of might
 f - a potion of enlightenment {unknown}


   Skills:
 + Level 3.1 Fighting
 + Level 1.9 Long Blades
 + Level 2.8 Armour
 + Level 3.0 Shields


You had one spell level left.
You didn't know any spells.
Your spell library contained the following spells:

 Spells                   Type           Power      Damage    Failure   Level
 Jinxbite                 Hex            0%         N/A       97%         2
 Yara's Violent Unravell  Hex/Alch       0%         3d3       100%        5
 Enfeeble                 Hex            0%         N/A       100%        7


Dungeon Overview and Level Annotations

Branches:
Dungeon (1/15)

Altars:


Innate Abilities, Weirdness & Mutations

A weak demonic guardian rushes to your aid.


Message History

The jackal bites you but does no damage.
The jackal attacks as it pursues you! The jackal bites you.
The jackal bites you but does no damage.
The jackal attacks as it pursues you!
The jackal bites you but does no damage.
The jackal attacks as it pursues you! You block the jackal's attack. x2
The jackal attacks as it pursues you!
The jackal bites you but does no damage.
The jackal bites you but does no damage.
You block the jackal's attack. The jackal barely misses you.
The endoplasm hits you but does no damage.
The jackal bites you but does no damage.
The endoplasm freezes you.
You are frozen.
The jackal barely misses you. The jackal closely misses you.
The endoplasm hits you. The jackal bites you. The endoplasm freezes you.
You are frozen.
The jackal barely misses you.
The endoplasm hits you but does no damage.
The jackal bites you. x2
The endoplasm freezes you.
You are frozen.
The jackal closely misses you. You block the endoplasm's attack.
You block the jackal's attack. x2
The endoplasm hits you but does no damage.
The jackal bites you but does no damage.
You block the endoplasm's attack. The jackal barely misses you.
The endoplasm freezes you.
You are frozen.
* * * LOW HITPOINT WARNING * * *
The jackal bites you but does no damage.
The jackal barely misses you. The endoplasm hits you.
* * * LOW HITPOINT WARNING * * *
The jackal bites you but does no damage.
The endoplasm freezes you.
You are frozen.
You die...

### ######
##.#.####.#
#....#
......)...#
#.##.#
.###.####.#
#.##.# ( #.#
#.##.# ...####.#
#.##.#
##....Jh####.##.#
#......@........#
#..#.#.........##
..
#.##.####.#.####
...............#
##.##.##...#.#.##
# #.##.#.#.#.#
#.##.#.#.#.# .
.##.##.###.#.# .
..............#


You could see an endoplasm and a jackal.

Vanquished Creatures
  An endoplasm (D:1)
  2 goblins (D:1)
  A hobgoblin (D:1)
  2 jackals (D:1)
  A ball python (D:1)
  2 bats (D:1)
  A frilled lizard (D:1)
10 creatures vanquished.

Notes
Turn   | Place    | Note
-------+----------+-------------------------------------------
     0 | D:1      | Silvore the Demonspawn Fighter began the quest for the Orb.
     0 | D:1      | Reached XP level 1. HP: 18/18 MP: 1/1
   201 | D:1      | Gained mutation: A weak demonic guardian rushes to your
                  | aid. [demonic ancestry]
   201 | D:1      | Reached XP level 2. HP: 23/24 MP: 2/2
   256 | D:1      | Frozen to death by an endoplasm

Illustrated notes

Levels and vault maps discovered:
D:1:      lightli_arrival_boilingwater, layout_basic,
          hellmonk_ecumenical_altar_pennies_from_heaven

Skill      XL: |  1  2 |
---------------+-------+-----
Shields        | 3 |  3.0
Fighting       | |  3.1
Long Blades    | |  1.9
Armour         | |  2.8

Action                     || total
---------------------------++-------
  Melee: Long sword        ||    31
 Armour: Scale mail        ||    67
  Dodge: Dodged            ||    41
  Block: Buckler           ||    17
